PAA
MERCER ISLAND SCREAMING EAGLES @ SALEM MISFITS
06/23/2028
 
TOP OF THE 1ST
Mercer Island Screaming Eagles batting - Pitching for Salem Misfits : RHP Fernando Villarreal
Pitching: RHP Fernando Villarreal
Batting: LHB Ramiro Ramos 0-0: Ball
1-0: Ball
2-0: Ball
3-0: Base on Balls
Batting: RHB António Ramírez 0-0: Foul Ball, location: 2F
0-1: Fly out, F8 (Flyball, 89M)
Batting: RHB Leonardo Ramírez 0-0: Ground out 3-1 (Groundball, 34S)
Ramiro Ramos to second
Batting: RHB Kade Knowles 0-0: DOUBLE (Line Drive, 89D)
Ramiro Ramos scores
Batting: RHB Marcos Reyes 0-0: Ball
1-0: Called Strike
1-1: SINGLE (Flyball, 7S)
Kade Knowles to third
Runner from 3rd tries for Home, SAFE, no throw
Batting: RHB Raúl Chávez 0-0: Called Strike
0-1: SINGLE (Flyball, 7LS)
Marcos Reyes to second
Batting: RHB Luis Jiménez 0-0: Called Strike
0-1: DOUBLE (Line Drive, 7LM)
Marcos Reyes scores
Raúl Chávez to third
Runner from 3rd tries for Home, SAFE, no throw
Batting: RHB Raúl Moreno 0-0: Ball
1-0: Ball
2-0: Swinging Strike
2-1: Swinging Strike
2-2: Ball
3-2: Ground out 6-3 (Groundball, 6)
Top of the 1st over - 4 run(s), 4 hit(s), 0 error(s), 1 left on base; Mercer Island 4 - Salem 0
BOTTOM OF THE 1ST
Salem Misfits batting - Pitching for Mercer Island Screaming Eagles : RHP Panda Montana
Pitching: RHP Panda Montana
Batting: LHB Rodrigo Gómez 0-0: Called Strike
0-1: Called Strike
0-2: Ball
1-2: Strikes out swinging
Batting: LHB José Cuervo 0-0: Called Strike
0-1: Ball
1-1: Foul Ball, location: 2F
1-2: Foul Ball, location: 2F
1-2: DOUBLE (Groundball, 3L)
Batting: RHB Paul Penrice 0-0: Ball
1-0: Ball
2-0: Ball
3-0: Base on Balls
Batting: RHB Ralph Cranford 0-0: Foul Ball, location: 2F
0-1: Called Strike
0-2: Ball
1-2: Strikes out looking
Batting: LHB Austin Hathaway 0-0: Ball
1-0: Foul Ball, location: 2F
1-1: Ball
2-1: Ball
3-1: Fly out, F6 (Popup, 6D)
Bottom of the 1st over - 0 run(s), 1 hit(s), 0 error(s), 2 left on base; Mercer Island 4 - Salem 0
TOP OF THE 2ND
Mercer Island Screaming Eagles batting - Pitching for Salem Misfits : RHP Fernando Villarreal
Batting: LHB Jorge Pérez 0-0: Ball
1-0: Foul Ball, location: 2F
1-1: Ground out U3 (Groundball, 3)
Batting: LHB Ramiro Ramos 0-0: Called Strike
0-1: Ball
1-1: SINGLE (Groundball, 56D)
Batting: RHB António Ramírez 0-0: Ball
1-0: DOUBLE (Line Drive, 89D)
Ramiro Ramos to third
Batting: RHB Leonardo Ramírez 0-0: Ball
1-0: Ground out 6-3 (Groundball, 56)
Ramiro Ramos scores
Batting: RHB Kade Knowles 0-0: Ball
1-0: Called Strike
1-1: Ball
António Ramírez steals 3rd base
2-1: Foul Ball, location: 2F
2-2: DOUBLE (Flyball, 7)
António Ramírez scores
Batting: RHB Marcos Reyes 0-0: Called Strike
0-1: Ball
1-1: Fly out, F8 (Flyball, 8LM)
Top of the 2nd over - 2 run(s), 3 hit(s), 0 error(s), 1 left on base; Mercer Island 6 - Salem 0
BOTTOM OF THE 2ND
Salem Misfits batting - Pitching for Mercer Island Screaming Eagles : RHP Panda Montana
Batting: LHB Cris Gonzáles 0-0: Called Strike
0-1: DOUBLE (Flyball, 89XD)
Batting: RHB Héctor Cantú 0-0: Called Strike
0-1: Ball
1-1: Foul Ball, location: 2F
1-2: Ball
2-2: Ball
3-2: Foul Ball, location: 2F
3-2: Foul Ball, location: 2F
3-2: Strikes out looking
Batting: RHB Ryan Fiore 0-0: Ball
1-0: Ball
2-0: Fly out, F6 (Popup, 5D)
Batting: RHB Paul O'Neill 0-0: Swinging Strike
0-1: Foul Ball, location: 2F
0-2: Ball
1-2: Ground out 6-3 (Groundball, 6)
Bottom of the 2nd over - 0 run(s), 1 hit(s), 0 error(s), 1 left on base; Mercer Island 6 - Salem 0
TOP OF THE 3RD
Mercer Island Screaming Eagles batting - Pitching for Salem Misfits : RHP Fernando Villarreal
Batting: RHB Raúl Chávez 0-0: Called Strike
0-1: Foul Ball, location: 2F
0-2: Ball
1-2: Foul Ball, location: 2F
1-2: Ground out 5-3 (Groundball, 56S)
Batting: RHB Luis Jiménez 0-0: SINGLE (Line Drive, 6MD)
Batting: RHB Raúl Moreno 0-0: Ball
1-0: Ground out 5-3 (Groundball, 5L)
Luis Jiménez to second
Batting: LHB Jorge Pérez 0-0: Called Strike
0-1: Called Strike
0-2: Ball
1-2: Ball
2-2: Strikes out swinging
Top of the 3rd over - 0 run(s), 1 hit(s), 0 error(s), 1 left on base; Mercer Island 6 - Salem 0
BOTTOM OF THE 3RD
Salem Misfits batting - Pitching for Mercer Island Screaming Eagles : RHP Panda Montana
Batting: LHB Rodrigo Gómez 0-0: Called Strike
0-1: Foul Ball, location: 2F
0-2: Ball
1-2: Foul Ball, location: 2F
1-2: Strikes out swinging
Batting: LHB José Cuervo 0-0: Ground out 4-3 (Groundball, 4)
Batting: RHB Paul Penrice 0-0: Called Strike
0-1: DOUBLE (Flyball, 8LXD)
Batting: RHB Ralph Cranford 0-0: Ball
1-0: Ball
2-0: SINGLE (Line Drive, 56D)
Paul Penrice to third
Runner from 3rd tries for Home, SAFE, no throw
Batting: LHB Austin Hathaway 0-0: Called Strike
Ralph Cranford is caught stealing 2nd base
Bottom of the 3rd over - 1 run(s), 2 hit(s), 0 error(s), 0 left on base; Mercer Island 6 - Salem 1
TOP OF THE 4TH
Mercer Island Screaming Eagles batting - Pitching for Salem Misfits : RHP Fernando Villarreal
Batting: LHB Ramiro Ramos 0-0: Ball
1-0: Called Strike
1-1: Ball
2-1: Ball
3-1: SINGLE (Line Drive, 8LS)
Batting: RHB António Ramírez 0-0: Ball
1-0: TRIPLE (Flyball, 9LM)
Ramiro Ramos scores
Pitching: RHP Lorenzo Valverde
Batting: RHB Leonardo Ramírez 0-0: Ground out 4-3 (Groundball, 4)
António Ramírez scores
Batting: RHB Kade Knowles 0-0: Fly out, F1 (Line Drive, 13)
Batting: RHB Marcos Reyes 0-0: Ball
1-0: Fly out, F7 (Flyball, 7)
Top of the 4th over - 2 run(s), 2 hit(s), 0 error(s), 0 left on base; Mercer Island 8 - Salem 1
BOTTOM OF THE 4TH
Salem Misfits batting - Pitching for Mercer Island Screaming Eagles : RHP Panda Montana
Batting: LHB Austin Hathaway 0-0: Ball
1-0: Ground out 4-3 (Groundball, 34)
Batting: LHB Cris Gonzáles 0-0: Ball
1-0: Called Strike
1-1: Foul Ball, location: 2F
1-2: Strikes out swinging
Batting: RHB Héctor Cantú 0-0: Ground out 6-3 (Groundball, 6)
Bottom of the 4th over - 0 run(s), 0 hit(s), 0 error(s), 0 left on base; Mercer Island 8 - Salem 1
TOP OF THE 5TH
Mercer Island Screaming Eagles batting - Pitching for Salem Misfits : RHP Lorenzo Valverde
Batting: RHB Raúl Chávez 0-0: Ball
1-0: Foul Ball, location: 2F
1-1: Foul Ball, location: 2F
1-2: Strikes out swinging
Batting: RHB Luis Jiménez 0-0: Swinging Strike
0-1: SINGLE (Groundball, 4D)
Batting: RHB Raúl Moreno 0-0: Called Strike
0-1: Ball
1-1: Ball
2-1: Foul Ball, location: 2F
2-2: Foul Ball, location: 2F
2-2: Foul Ball, location: 2F
2-2: Ball
3-2: Base on Balls
Luis Jiménez to second
Batting: LHB Jorge Pérez 0-0: SINGLE (Flyball, 8LS)
Luis Jiménez to third
Raúl Moreno to second
Runner from 3rd tries for Home, SAFE, throw made home
Batting: LHB Ramiro Ramos 0-0: Called Strike
0-1: Foul Ball, location: 2F
0-2: Foul Ball, location: 2F
0-2: Ball
1-2: 3-RUN HOME RUN (Flyball, 7D), Distance : 395 ft
Pitching: RHP Javier Pérez
Batting: RHB António Ramírez 0-0: Ball
1-0: DOUBLE (Line Drive, 78M)
Batting: RHB Leonardo Ramírez 0-0: Swinging Strike
0-1: Ball
1-1: Called Strike
1-2: SINGLE (Groundball, 56D)
António Ramírez to third
Runner from 3rd tries for Home, SAFE, no throw
Batting: RHB Kade Knowles 0-0: Called Strike
0-1: Fielders Choice at 2nd, 1-4 (Groundball, 15S)
Batting: RHB Marcos Reyes 0-0: Called Strike
0-1: Foul Ball, location: 2F
0-2: Ball
1-2: Foul Ball, location: 2F
1-2: Fly out, F9 (Flyball, 9LM)
Top of the 5th over - 5 run(s), 5 hit(s), 0 error(s), 1 left on base; Mercer Island 13 - Salem 1
BOTTOM OF THE 5TH
Salem Misfits batting - Pitching for Mercer Island Screaming Eagles : RHP Panda Montana
Batting: RHB Ryan Fiore 0-0: Ball
1-0: Ball
2-0: Called Strike
2-1: Fly out, F8 (Flyball, 8LM)
Batting: RHB Paul O'Neill 0-0: Ball
1-0: Ball
2-0: Ball
3-0: Base on Balls
Batting: LHB Rodrigo Gómez 0-0: Ball
1-0: Fly out, F7 (Flyball, 7LMF)
Batting: LHB José Cuervo 0-0: Ball
1-0: Foul Ball, location: 2F
1-1: Foul Ball, location: 2F
1-2: SINGLE (Groundball, 34S) (infield hit)
Paul O'Neill to second
Batting: RHB Paul Penrice 0-0: Called Strike
0-1: Called Strike
0-2: Ball
1-2: Fielders Choice at 2nd, 6-4 (Groundball, 6)
Bottom of the 5th over - 0 run(s), 1 hit(s), 0 error(s), 1 left on base; Mercer Island 13 - Salem 1
TOP OF THE 6TH
Mercer Island Screaming Eagles batting - Pitching for Salem Misfits : RHP Javier Pérez
Batting: RHB Raúl Chávez 0-0: Ball
1-0: Ball
2-0: Ball
3-0: Base on Balls
Batting: RHB Luis Jiménez 0-0: Ball
1-0: Ball
2-0: Called Strike
2-1: Called Strike
2-2: Ball
3-2: Foul Ball, location: 2F
3-2: Strikes out swinging
Raúl Chávez is caught stealing 2nd base
Batter strikes out.
Batting: RHB Raúl Moreno 0-0: Ball
1-0: Ball
2-0: Foul Ball, location: 2F
2-1: Swinging Strike
2-2: Ball
3-2: Base on Balls
Batting: LHB Jorge Pérez 0-0: Ball
1-0: Ground out U3 (Groundball, 34S)
Top of the 6th over - 0 run(s), 0 hit(s), 0 error(s), 1 left on base; Mercer Island 13 - Salem 1
BOTTOM OF THE 6TH
Salem Misfits batting - Pitching for Mercer Island Screaming Eagles : RHP Panda Montana
Batting: RHB Ralph Cranford 0-0: Ground out 6-3 (Groundball, 6)
Batting: LHB Austin Hathaway 0-0: Called Strike
0-1: Ball
1-1: Foul Ball, location: 2F
1-2: Ball
2-2: Foul Ball, location: 2F
2-2: Ball
3-2: SINGLE (Line Drive, 4D)
Batting: LHB Cris Gonzáles 0-0: Called Strike
0-1: Called Strike
0-2: Strikes out swinging
Batting: RHB Héctor Cantú 0-0: Ball
1-0: Fly out, F8 (Line Drive, 8RM)
Bottom of the 6th over - 0 run(s), 1 hit(s), 0 error(s), 1 left on base; Mercer Island 13 - Salem 1
TOP OF THE 7TH
Mercer Island Screaming Eagles batting - Pitching for Salem Misfits : RHP Javier Pérez
Batting: LHB Ramiro Ramos 0-0: Called Strike
0-1: SINGLE (Line Drive, 78M)
Batting: RHB António Ramírez 0-0: Swinging Strike
0-1: Called Strike
0-2: Fly out, F6 (Popup, 6MD)
Batting: RHB Leonardo Ramírez 0-0: Ball
1-0: Ball
2-0: Foul Ball, location: 2F
2-1: Called Strike
2-2: Ball
3-2: SINGLE (Groundball, 4MD)
Ramiro Ramos to second
Runner from 2nd tries for 3rd, OUT!
Batting: RHB Kade Knowles 0-0: Ball
1-0: Foul Ball, location: 2F
1-1: DOUBLE (Groundball, 5L)
Leonardo Ramírez to third
Runner from 3rd tries for Home, SAFE, throw made home
Batting: RHB Marcos Reyes 0-0: Ball
1-0: Called Strike
1-1: Ball
2-1: Foul Ball, location: 2F
2-2: Ground out 5-3 (Groundball, 56S)
Top of the 7th over - 1 run(s), 3 hit(s), 0 error(s), 1 left on base; Mercer Island 14 - Salem 1
BOTTOM OF THE 7TH
Salem Misfits batting - Pitching for Mercer Island Screaming Eagles : RHP Panda Montana
Batting: RHB Ryan Fiore 0-0: Ball
1-0: Ball
2-0: Ball
3-0: Foul Ball, location: 2F
3-1: Base on Balls
Batting: RHB Paul O'Neill 0-0: SINGLE (Groundball, 34D)
Ryan Fiore to second
Runner from 2nd tries for 3rd, SAFE, throw made to third
Batting: LHB Rodrigo Gómez 0-0: Ball
1-0: Called Strike
1-1: Ball
Paul O'Neill is caught stealing 2nd base
2-1: Ball
3-1: Base on Balls
Batting: LHB José Cuervo 0-0: Ball
1-0: Ball
2-0: Called Strike
2-1: Called Strike
2-2: Foul Ball, location: 2F
2-2: Foul Ball, location: 2F
2-2: Strikes out swinging
Batting: RHB Paul Penrice 0-0: Called Strike
0-1: Fly out, F8 (Flyball, 8RM)
Bottom of the 7th over - 0 run(s), 1 hit(s), 0 error(s), 2 left on base; Mercer Island 14 - Salem 1
TOP OF THE 8TH
Mercer Island Screaming Eagles batting - Pitching for Salem Misfits : RHP Javier Pérez
Pitching: RHP Zach Wells
Batting: RHB Raúl Chávez 0-0: Ball
1-0: Ball
2-0: Fly out, F5 (Popup, 5D)
Batting: RHB Luis Jiménez 0-0: Ball
1-0: Ball
2-0: Called Strike
2-1: Ground out 1-3 (Groundball, 15S)
Batting: RHB Raúl Moreno 0-0: Ball
1-0: Ball
2-0: Ball
3-0: Base on Balls
Batting: LHB Jorge Pérez 0-0: Swinging Strike
0-1: Ball
1-1: Ball
2-1: Swinging Strike
2-2: Strikes out swinging
Top of the 8th over - 0 run(s), 0 hit(s), 0 error(s), 1 left on base; Mercer Island 14 - Salem 1
BOTTOM OF THE 8TH
Salem Misfits batting - Pitching for Mercer Island Screaming Eagles : RHP Panda Montana
Batting: RHB Ralph Cranford 0-0: Ball
1-0: Called Strike
1-1: Foul Ball, location: 2F
1-2: Strikes out swinging, 2-3 out at first.
Pitching: RHP Jesús López
Batting: LHB Austin Hathaway 0-0: Ball
1-0: TRIPLE (Flyball, 89XD)
Batting: LHB Cris Gonzáles 0-0: Ball
1-0: Called Strike
1-1: Called Strike
1-2: Ball
2-2: 2-RUN HOME RUN (Flyball, 9D), Distance : 381 ft
Batting: RHB Héctor Cantú 0-0: Swinging Strike
0-1: Ball
1-1: Swinging Strike
1-2: Ball
2-2: Strikes out swinging
Batting: RHB Ryan Fiore 0-0: Called Strike
0-1: Ball
1-1: Foul Ball, location: 2F
1-2: Ball
2-2: Ball
3-2: Strikes out swinging
Bottom of the 8th over - 2 run(s), 2 hit(s), 0 error(s), 0 left on base; Mercer Island 14 - Salem 3
TOP OF THE 9TH
Mercer Island Screaming Eagles batting - Pitching for Salem Misfits : RHP Zach Wells
Batting: LHB Ramiro Ramos 0-0: Foul Ball, location: 2F
0-1: SINGLE (Groundball, 34D)
Batting: RHB António Ramírez 0-0: Ball
1-0: Foul Ball, location: 2F
1-1: Ball
2-1: Ball
3-1: Base on Balls
Ramiro Ramos to second
Pinch Hitting: SHB Ray Davis 0-0: Ball
1-0: Called Strike
1-1: Ball
2-1: Foul Ball, location: 2F
2-2: Ball
3-2: Grounds into double play, 4-6-3 (Groundball, 4M)
Ramiro Ramos to third
Batting: RHB Kade Knowles 0-0: Foul Ball, location: 2F
0-1: Foul Ball, location: 2F
0-2: SINGLE (Groundball, 4D)
Ramiro Ramos scores
Batting: RHB Marcos Reyes 0-0: Called Strike
0-1: Ball
1-1: Foul Ball, location: 2F
1-2: Ball
Kade Knowles steals 2nd base
2-2: Foul Ball, location: 2F
2-2: Strikes out swinging
Top of the 9th over - 1 run(s), 2 hit(s), 0 error(s), 1 left on base; Mercer Island 15 - Salem 3
BOTTOM OF THE 9TH
Salem Misfits batting - Pitching for Mercer Island Screaming Eagles : RHP Jesús López
Now at 1B: Ray Davis
Batting: RHB Paul O'Neill 0-0: Called Strike
0-1: Foul Ball, location: 2F
0-2: Ground out 5-3 (Groundball, 56S)
Batting: LHB Rodrigo Gómez 0-0: Ball
1-0: Ground out 3-1 (Groundball, 34)
Batting: LHB José Cuervo 0-0: Ground out U3 (Groundball, 3)
Bottom of the 9th over - 0 run(s), 0 hit(s), 0 error(s), 0 left on base; Mercer Island 15 - Salem 3
Tuesday, July 25th, 2017 - OOTP Baseball 17.12 Build 75